 Seeded DCSS version 0.30.1-11-g7821555f0a (webtiles) character file.

Game seed: 12756009894327649987 (custom seed)

53 Psyclone the Conjurer (level 3, 1/30 HPs)
             Began as a Gnoll Conjurer on Nov 6, 2023.
             Quit the game on level 2 of the Dungeon.
             The game lasted 00:02:09 (203 turns).

Psyclone the Conjurer (Gnoll Conjurer)               Turns: 203, Time: 00:02:10

Health: 1/30       AC:  2    Str:  6    XL:     3   Next: 87%
Magic:  5/10       EV: 13    Int: 19    God:
Gold:   12         SH:  0    Dex: 10    Spells: 13/14 levels left

rFire   . .          .
                       - Unarmed
rCold   . . .        (no shield)
rNeg    . . .        a - +0 robe
rPois   .            (no helmet)
rElec   .            (no cloak)
rCorr   .            (no gloves)
SInv    .            (no boots)
Will    .....        (no amulet)
Stlth   +++          (no ring)
HPRegen 0.25/turn    (no ring)
MPRegen 0.12/turn

%: no passive effects
@: no status effects
A: fangs 1, strong nose, distributed training
a: no special abilities


You were on level 2 of the Dungeon.
You visited 1 branch of the dungeon, and saw 3 of its levels.

You collected 12 gold pieces.

Inventory:

Armour
 a - a +0 robe (worn)
Scrolls
 c - a scroll of noise {unknown}
 e - a scroll of fear {unknown}
Potions
 b - a potion of magic
 d - a potion of degeneration {unknown}


   Skills:
 + Level 3.8 Fighting
 + Level 3.8 Short Blades
 + Level 3.8 Long Blades
 + Level 3.8 Axes
 + Level 3.8 Maces & Flails
 + Level 3.8 Polearms
 + Level 3.8 Staves
 + Level 3.8 Ranged Weapons
 + Level 3.8 Throwing
 + Level 3.8 Armour
 + Level 6.0 Dodging
 + Level 5.7 Stealth
 + Level 3.8 Shields
 + Level 3.8 Unarmed Combat
 + Level 6.3 Spellcasting
 + Level 7.8 Conjurations
 + Level 3.1 Hexes
 + Level 3.1 Summonings
 + Level 3.1 Necromancy
 + Level 3.1 Translocations
 + Level 3.1 Transmutations
 + Level 3.1 Fire Magic
 + Level 3.1 Ice Magic
 + Level 3.1 Air Magic
 + Level 3.1 Earth Magic
 + Level 3.1 Poison Magic
 + Level 4.2 Invocations
 + Level 3.8 Evocations


You had 13 spell levels left.
You knew the following spells:

 Your Spells              Type           Power      Damage    Failure   Level
a - Magic Dart            Conj           100%       1d8       1%          1

Your spell library contained the following spells:

 Spells                   Type           Power      Damage    Failure   Level
 Searing Ray              Conj           70%        2d7       1%          2
 Dazzling Flash           Conj/Hex       52%        N/A       3%          3
 Fulminant Prism          Conj/Hex       13%        3d9       11%         4
 Iskenderun's Mystic Bla  Conj/Tloc      26%        2d7       11%         4


Dungeon Overview and Level Annotations

Branches:
Dungeon (3/15) Zot: 17796

Altars:


Innate Abilities, Weirdness & Mutations

You have very sharp teeth.
Your uncanny sense of smell can sniff out nearby items.
Your experience applies equally to all skills.


Message History

You feel more experienced!
Your Fighting skill increases to level 3!
Your Short Blades skill increases to level 3!
Your Long Blades skill increases to level 3!
Your Axes skill increases to level 3!
Your Maces & Flails skill increases to level 3!
Your Polearms skill increases to level 3!
Your Staves skill increases to level 3!
Your Ranged Weapons skill increases to level 3!
Your Throwing skill increases to level 3!
Your Armour skill increases to level 3!
Your Dodging skill increases to level 6!
Your Stealth skill increases to level 5!
Your Shields skill increases to level 3!
Your Unarmed Combat skill increases to level 3!
Your Spellcasting skill increases to level 6!
Your Hexes skill increases to level 3!
Your Summonings skill increases to level 3!
Your Necromancy skill increases to level 3!
Your Translocations skill increases to level 3!
Your Transmutations skill increases to level 3!
Your Fire Magic skill increases to level 3!
Your Ice Magic skill increases to level 3!
Your Air Magic skill increases to level 3!
Your Earth Magic skill increases to level 3!
Your Poison Magic skill increases to level 3!
Your Invocations skill gained 2 levels and is now at level 4!
Your Evocations skill increases to level 3!
You have reached level 3!
Your experience leads to an increase in your attributes!
Increase (S)trength, (I)ntelligence, or (D)exterity?
You feel clever. x2
The orc priest closely misses you. The orc barely misses you.
The hobgoblin hits you.
* * * LOW HITPOINT WARNING * * *
You take 1 damage, and have 1/30 hp.
Unknown command.
Unknown command.
Unknown command.
Are you sure you want to abandon this character and quit the game? (Confirm with "yes".)

# .# #. .# # #. #.### #
... .. ....#.#
##.##.##.#.#.#
.............###
......#...[.....
......o@o....###
$......go....... #
....<....#.#.########.#
...#.....#.)..........#∆
........w#.#####......#
...............)....#
.........#######w####.#
#.............(.......#
#........####...........


You could see 2 orc priests, a dart slug, an orc and a hobgoblin.

Vanquished Creatures
  2 orcs (D:2)
  A bat (D:1)
  A goblin (D:1)
4 creatures vanquished.

Notes
Turn   | Place    | Note
-------+----------+-------------------------------------------
     0 | D:1      | Psyclone the Gnoll Conjurer began the quest for the Orb.
     0 | D:1      | Reached XP level 1. HP: 13/13 MP: 6/6
    99 | D:1      | Found a faded altar of an unknown god.
   190 | D:2      | Noticed an orc priest
   193 | D:2      | Noticed an orc priest
   201 | D:2      | Reached skill level 5 in Dodging
   201 | D:2      | Reached skill level 5 in Spellcasting
   201 | D:2      | Reached XP level 2. HP: 16/23 MP: 5/8
   202 | D:2      | Reached skill level 5 in Stealth
   202 | D:2      | Reached XP level 3. HP: 3/30 MP: 5/10
   202 | D:2      | HP: 1/30 [hobgoblin (2)]
   203 | D:2      | Quit the game

Illustrated notes

Levels and vault maps discovered:
D:1:      dpeg_arrival_pits, layout_basic, ebering_ecumenical_altar_box
D:2:      layout_basic, minmay_goblin_outpost, uniq_crazy_yiuf_cottage
D:3:      layout_loops_ring, grunt_ministairs_4, uniq_terence, uniq_sigmund

Skill      XL: |  1  2 |
---------------+-------+-----
Fighting       | 2 3 |  3.8
Short Blades   | 2 3 |  3.8
Long Blades    | 2 3 |  3.8
Axes           | 2 3 |  3.8
Maces & Flails | 2 3 |  3.8
Polearms       | 2 3 |  3.8
Staves         | 2 3 |  3.8
Ranged Weapons | 2 3 |  3.8
Throwing       | 2 3 |  3.8
Armour         | 2 3 |  3.8
Dodging        | 5 6 |  6.0
Shields        | 2 3 |  3.8
Unarmed Combat | 2 3 |  3.8
Spellcasting   | 5 6 |  6.3
Hexes          | 2 3 |  3.1
Summonings     | 2 3 |  3.1
Necromancy     | 2 3 |  3.1
Translocations | 2 3 |  3.1
Transmutations | 2 3 |  3.1
Fire Magic     | 2 3 |  3.1
Ice Magic      | 2 3 |  3.1
Air Magic      | 2 3 |  3.1
Earth Magic    | 2 3 |  3.1
Poison Magic   | 2 3 |  3.1
Invocations    | 2 4 |  4.2
Evocations     | 2 3 |  3.8
Stealth        | 5 |  5.7
Conjurations   | |  7.8

Action                     || total
---------------------------++-------
   Cast: Magic Dart        ||     7
    Use: Potion            ||     2
 Armour: Robe              ||     2
  Dodge: Dodged            ||    16
